 Dungeon Crawl Stone Soup version 0.30-a0-743-gbfdf073431 (webtiles) character file.

Game seed: 9571170211074878101

371 retardedninja the Ducker (level 6, 0/27 HPs)
             Began as a Felid Berserker on Feb 6, 2023.
             Was a Believer of Trog.
             Slain by a gnoll sergeant
             ... wielding a +0 trident
              (8 damage)
             ... on level 5 of the Dungeon.
             The game lasted 00:10:35 (4770 turns).

retardedninja the Ducker (Felid Berserker)          Turns: 4770, Time: 00:10:36

Health: 0/27       AC:  2    Str: 11    XL:     6   Next: 42%
Magic:  7/7        EV: 21    Int: 12    God:    Trog [**....]
Gold:   226        SH:  0    Dex: 18    Spells: 5/5 levels left
                                        Lives:  0   Deaths: 1

rFire   . . .      SeeInvis +      - Unarmed
rCold   . . .      Faith    .    (shield unavailable)
rNeg    . . .      Spirit   .    (body armour unavailable)
rPois   .          Reflect  .    (helmet unavailable)
rElec   .          Harm     .    (cloak unavailable)
rCorr   +          Rampage  .    (gloves unavailable)
Will    ++...                    (boots unavailable)
Stlth   ++                       k - amulet "Oseqairehi" {Regen+ rCorr}
HPRegen 2.04/turn                (no ring)
MPRegen 0.10/turn                (no ring)

@: strong-willed, on berserk cooldown, regenerating, slowed, slow
A: very small, claws 1, fangs 3, see invisible, speed 1, shaggy fur 2, stealthy
paws, no weapons or thrown items, no armour, multi-lived, agile 1, clever 1,
frail 1, weak 1
a: Renounce Religion, Berserk, Trog's Hand


You were on level 5 of the Dungeon.
You worshipped Trog.
Trog was pleased with you.
You visited 1 branch of the dungeon, and saw 5 of its levels.

You collected 226 gold pieces.

Inventory:

Jewellery
 k - the amulet "Oseqairehi" (around neck) {Regen+ rCorr}
   (You found it on level 3 of the Dungeon)

   [amulet of regeneration]

   Regen:     It increases your rate of health regeneration.
   rCorr:     It protects you from acid and corrosion.
 m - a ring of fire
Wands
 n - a wand of mindburst (16)
Scrolls
 a - 2 scrolls of blinking
 b - a scroll of vulnerability
 d - 2 scrolls of immolation
 g - 3 scrolls of poison
 h - a scroll of noise
 i - a scroll of fear
 l - a scroll of enchant weapon
 o - 2 scrolls of teleportation
Potions
 c - a potion of mutation
 e - a potion of might {unknown}
 f - 2 potions of attraction
 j - a potion of magic
 p - a potion of degeneration {unknown}


   Skills:
 + Level 5.0 Fighting
 + Level 6.7 Dodging
 + Level 5.0 Unarmed Combat


You had 5 spell levels left.
You didn't know any spells.
Your spell library was empty.

Dungeon Overview and Level Annotations

Branches:
Dungeon (5/15)             Temple (0/1) D:5

Altars:

Shops:
D:4 [


Innate Abilities, Weirdness & Mutations

You have sharp claws.
You have razor-sharp teeth.
You have supernaturally acute eyesight. (SInv)
You cover ground quickly. (Speed+)
You are covered in thick fur. (AC +2)
Your paws help you pounce on unaware monsters.
You are incapable of wielding weapons or throwing items.
You cannot wear armour.
You gain extra lives every three experience levels.
You are agile. (Dex +4, Str/Int -1)
Your mind is acute. (Int +4, Str/Dex -1)
You are frail. (-10% HP)
You are weak. (Str -2)


Message History

Your Fighting skill increases to level 5!
Your Unarmed Combat skill increases to level 5!
Your skin crawls.
You feel strong-willed. The gnoll hits you with a +0 flail.
The gnoll sergeant hits you from afar with a +0 trident!
The gnoll sergeant misses you. The gnoll barely misses you.
You scratch the gnoll.
The gnoll is lightly wounded.
The gnoll misses you.
The gnoll sergeant hits you from afar with a +0 trident!
* * * LOW HITPOINT WARNING * * *
You scratch the gnoll.
The gnoll is moderately wounded.
The gnoll completely misses you. The gnoll sergeant barely misses you.
The gnoll sergeant misses you. The gnoll completely misses you.
You scratch the gnoll.
The gnoll is severely wounded.
The gnoll completely misses you. The gnoll sergeant misses you.
You scratch the gnoll.
You kill the gnoll!
Trog accepts your kill. The gnoll sergeant barely misses you.
You closely miss the gnoll. The gnoll misses you.
The gnoll sergeant hits you from afar with a +0 trident.
The gnoll barely misses you. The gnoll closely misses you.
The gnoll barely misses you.
The gnoll sergeant hits you from afar with a +0 trident!
* * * LOW HITPOINT WARNING * * *
You claw the gnoll!
The gnoll is almost dead.
The gnoll hits you with a +0 club.
* * * LOW HITPOINT WARNING * * *
The gnoll closely misses you. The gnoll sergeant misses you.
You scratch the gnoll.
You kill the gnoll!
Trog accepts your kill. The gnoll completely misses you.
The gnoll sergeant hits you from afar with a +0 trident!
You die...

##################
#.................
#.################
#@# #)#


gg# ).## ..# .## .# .. You could see a gnoll sergeant and a gnoll.

Vanquished Creatures
  A phantom (D:4)
  A scorpion (D:5)
  An orc priest (D:3)
  Ijyb (D:3)
  An iguana (D:4)
  6 gnolls
  7 adders
  An ufetubus (D:4)
  2 worms (D:2)
  2 dart slugs (D:1)
  5 orcs (D:3)
  8 endoplasms
  7 giant cockroaches
  6 goblins
  6 hobgoblins
  2 jackals (D:2)
  8 kobolds
  4 quokkas
  7 ball pythons
  10 bats
  A frilled lizard (D:1)
  9 rats
96 creatures vanquished.

Vanquished Creatures (others)
  4 plants (D:3)
4 creatures vanquished.

Grand Total: 100 creatures vanquished

Notes
Turn   | Place    | Note
-------+----------+-------------------------------------------
     0 | D:1      | retardedninja the Felid Berserker began the quest for the
                  | Orb.
     0 | D:1      | Reached XP level 1. HP: 10/10 MP: 2/2
   549 | D:1      | Reached XP level 2. HP: 14/14 MP: 3/3
   989 | D:1      | Found a faded altar of an unknown god.
  1327 | D:1      | Reached XP level 3. HP: 5/17 MP: 4/4
  1337 | D:1      | Reached ** piety under Trog
  1896 | D:2      | Reached skill level 5 in Dodging
  1945 | D:2      | Reached XP level 4. HP: 13/22 MP: 5/5
  2472 | D:3      | Identified the amulet "Oseqairehi" {Regen+ rCorr}
  2491 | D:3      | Reached XP level 5. HP: 25/25 MP: 6/6
  2498 | D:3      | Noticed Ijyb
  2503 | D:3      | Gained mutation: You are weak. (Str -2) [potion of
                  | mutation]
  2503 | D:3      | Gained mutation: You are frail. (-10% HP) [potion of
                  | mutation]
  2503 | D:3      | Gained mutation: Your mind is acute. (Int +4, Str/Dex -1)
                  | [potion of mutation]
  2503 | D:3      | Gained mutation: You are agile. (Dex +4, Str/Int -1)
                  | [potion of mutation]
  2503 | D:3      | Blown up by Ijyb
  2504 | D:3      | Reached XP level 4. HP: -14/19 MP: 5/5
  3359 | D:3      | Killed Ijyb
  3360 | D:3      | Reached XP level 5. HP: 22/22 MP: 6/6
  3518 | D:4      | Found Veach's Armour Emporium.
  3556 | D:4      | Reached skill level 6 in Dodging
  3665 | D:4      | Noticed a phantom
  3671 | D:4      | Killed a phantom
  4295 | D:4      | Gained mutation: You are covered in thick fur. (AC +2)
                  | [Felid growth]
  4295 | D:4      | Reached XP level 6. HP: 25/26 MP: 7/7
  4399 | D:5      | Entered Level 5 of the Dungeon
  4623 | D:5      | Found a staircase to the Ecumenical Temple.
  4763 | D:5      | Reached skill level 5 in Fighting
  4763 | D:5      | Reached skill level 5 in Unarmed Combat
  4770 | D:5      | Slain by a gnoll sergeant

Illustrated notes

Levels and vault maps discovered:
D:1:      evilmike_arrival_crescent, layout_loops_ring,
          shapermc_ecumenical_altar_mp_highgroup
D:2:      kennysheep_six_static_rooms, layout_rooms, minmay_quantized
D:3:      wad_lake_hut, layout_basic, kennysheep_generic_room_13, uniq_ijyb
D:4:      layout_rooms, serial_shops, nicolae_square_shop
D:5:      layout_basic, minmay_temple_entry_drinking_statues, serial_curves,
          eino_curves_03, eino_curves_02, portal_sewer_entry_f, uniq_sigmund,
          uniq_grinder

Skill      XL: |  1  2  3  4  5  6 |
---------------+-------------------+-----
Dodging        | 5 6 |  6.7
Fighting       | 4 5 |  5.0
Unarmed Combat | 4 5 |  5.0

Action                     |  1- 3 |  4- 6 || total
---------------------------+-------+-------++-------
  Melee: Unarmed           |   106 |   137 ||   243
         Bite              |     9 |    15 ||    24
         Punch             |     2 |     3 ||     5
 Invoke: Berserk           |     3 |     6 ||     9
         Trog's Hand       |     1 |     1 ||     2
    Use: Potion            |     2 |     3 ||     5
         Scroll            |       |     9 ||     9
   Stab: Sleeping          |     2 |     6 ||     8
         Invisible         |     2 |     3 ||     5
         Distracted        |     1 |     1 ||     2
 Armour: Skin              |     4 |     4 ||     8
  Dodge: Dodged            |    90 |   109 ||   199

Table legend: (Time is in decaauts)
 A = Elapsed time spent in this place.
 B = Non-inter-level travel time spent in this place.
 C = Inter-level travel time spent in this place.
 D = Time resting spent in this place.
 E = Time spent auto-exploring this place.
 F = Levels seen in this place.
 G = Mean time per level.
                   A        B        C        D        E       F      G
               +--------+--------+--------+--------+--------+-----+--------+
         Total |   4346 |   4262 |     84 |   1742 |   1438 |   5 |  869.2 |
       Dungeon |   4346 |   4262 |     84 |   1742 |   1438 |   5 |  869.2 |
               +--------+--------+--------+--------+--------+-----+--------+

Top non-repeatable levels by time:
     D:1: 1427 daAuts
     D:3: 1047 daAuts
     D:4: 906 daAuts
     D:2: 623 daAuts
     D:5: 341 daAuts
